 Dungeon Crawl Stone Soup version 0.28.0-53-g5a82cb258f (webtiles) character file.

Game seed: 2582655276679272825

27 Stomo the Ducker (level 2, 0/23 HPs)
             Began as a Demonspawn Gladiator on July 2, 2022.
             Slain by Sigmund
             ... wielding a +3 scythe of freezing
              (9 damage)
             ... on level 2 of the Dungeon.
             The game lasted 00:00:48 (1158 turns).

Stomo the Ducker (Demonspawn Gladiator)             Turns: 1158, Time: 00:00:49

Health: 0/23       AC:  4    Str: 14    XL:     2   Next: 93%
Magic:  2/2        EV: 12    Int:  9    God:
Gold:   26         SH:  0    Dex: 14    Spells: 1/1 levels left

rFire   . . .      SeeInvis .   a - +0 quarterstaff
rCold   . . .      Faith    .   (shield currently unavailable)
rNeg    . . .      Spirit   .   b - +0 leather armour
rPois   .          Reflect  .   c - +0 helmet
rElec   .          Harm     .   (no cloak)
rCorr   .          Rampage  .   (no gloves)
Will    .....                   (no boots)
Stlth   +.........              (no amulet)
HPRegen 0.07/turn               (no ring)
MPRegen 0.08/turn               (no ring)

@: confused
A: ignite blood 1
a: no special abilities


You were on level 2 of the Dungeon.
You visited 1 branch of the dungeon, and saw 2 of its levels.

You collected 26 gold pieces.

Inventory:

Hand Weapons
 a - a +0 quarterstaff (weapon)
Missiles
 d - 3 throwing nets (quivered)
Armour
 b - a +0 leather armour (worn)
 c - a +0 helmet (worn)
Scrolls
 i - a scroll of vulnerability {unknown}
Potions
 e - a potion of berserk rage {unknown}
 f - a potion of ambrosia {unknown}
 g - a potion of haste {unknown}
 h - a potion of curing {unknown}
 j - a potion of heal wounds {unknown}


   Skills:
 + Level 2.3 Fighting
 + Level 3.0 Staves
 - Level 1.7 Throwing
 + Level 1.0 Armour
 + Level 3.0 Dodging


You had one spell level left.
You didn't know any spells.
Your spell library was empty.

Dungeon Overview and Level Annotations

Branches:
Dungeon (2/15)

Altars:

Shops:
D:1 =

Annotations:
D:2 Sigmund


Innate Abilities, Weirdness & Mutations

Your demonic aura sometimes causes spilled blood to erupt in flames.


Message History

A hobgoblin is nearby!
A hobgoblin is nearby!
You hit the hobgoblin.
You kill the hobgoblin!
HP restored.
You now have 26 gold pieces (gained 8).
A ball python comes into view.
The ball python hisses angrily.
A ball python is nearby!
A ball python is nearby!
A ball python is nearby!
A ball python is nearby!
Unknown command.
Sigmund the Dreaded comes into view.
He is wielding a +3 scythe of freezing.
Sigmund shouts!
You closely miss the ball python. The ball python barely misses you.
The ball python misses you.
You sock the ball python!
You kill the ball python!
Sigmund gestures wildly while chanting.
Sigmund flickers and vanishes!
Deactivating autopickup; reactivate with Ctrl-A.
You see here a ball python corpse.
No target in view!
No target in view!
No target in view!
No target in view!
No target in view!
No target in view!
No target in view!
There is a strange disturbance nearby!
There is a strange disturbance nearby!
There is a strange disturbance nearby!
There is a strange disturbance nearby!
You closely miss something. Something hits you! Something freezes you.
You sock something!
You hear some strange, mumbled words.
You are confused.
Something hits you!
You die...

#.# #.#
#.# #.##
##.###..#
#.......#
#..####.#
.....#
#.#
#####.#
#.# #.#
#.# #.#
#@# #.#
#†# #.#
#{# #.#
#.# ...
###


There were no monsters in sight!

Vanquished Creatures
  3 bats
  An endoplasm (D:1)
  5 goblins (D:1)
  A hobgoblin (D:2)
  6 jackals (D:1)
  2 quokkas (D:1)
  2 ball pythons
  A frilled lizard (D:1)
  2 rats
23 creatures vanquished.

Vanquished Creatures (others)
  2 plants (D:2)
2 creatures vanquished.

Grand Total: 25 creatures vanquished

Notes
Turn   | Place    | Note
-------+----------+-------------------------------------------
     0 | D:1      | Stomo the Demonspawn Gladiator began the quest for the Orb.
     0 | D:1      | Reached XP level 1. HP: 16/16 MP: 1/1
   128 | D:1      | Gained mutation: Your demonic aura sometimes causes spilled
                  | blood to erupt in flames. [demonic ancestry]
   128 | D:1      | Reached XP level 2. HP: 19/22 MP: 2/2
   587 | D:1      | Reached skill level 1 in Armour
   753 | D:1      | Found Nuublo's Jewellery Emporium.
  1151 | D:2      | Noticed Sigmund
  1158 | D:2      | Slain by Sigmund

Illustrated notes

Levels and vault maps discovered:
D:1:      psy_arrival_radial01, layout_basic, serial_shops, nicolae_shop_crystal
D:2:      minmay_razor_zed, layout_loops_ring,
          hellmonk_ecumenical_altar_run_dry, serial_bayou_lagoon_b,
          uniq_terence, uniq_sigmund

Skill      XL: |  1  2 |
---------------+-------+-----
Armour         | 1 |  1.0
Dodging        | 3 |  3.0
Staves         | 3 |  3.0
Fighting       | |  2.3
Throwing       | |  1.7

Action                   || total
-------------------------++-------
Melee: Quarterstaff      ||    67
Armor: Leather armour    ||    28
Dodge: Dodged            ||    34
